Map: Solaris LE

Players

Wayne (Vanya)

  • Race: Zerg Zerg
  • League: Master
  • Spawn Location: 7:00

Bunny - Winner!

  • Race: Terran Terran
  • Spawn Location: 1:00

Event: IEM Katowice 2024

VOD

Have the link to the VOD?

Description

Time

  • Played on: Dec. 7, 2023, 2:16 p.m.
  • Length: 9:09

All games in this series

Show
View Real Time Build Order
Export as new Build Order

Wayne Zerg 

Build Orders: Hatch First 

Get SALT Encoding   

  12  0:00  Drone  
  13  0:12  Overlord  
  13  0:16  Drone  
  14  0:31  Drone x2  
  16  0:47  Hatchery  
  15  0:51  Drone  
  15  0:54  Drone  
  17  0:58  Drone  
  18  1:08  Extractor  
  17  1:13  Spawning Pool  
  17  1:16  Drone  
  17  1:19  Drone  
  18  1:29  Drone  
  19  1:39  Drone  
  20  1:49  Drone  
  21  1:59  Queen  
  21  2:00  Zergling x4, Queen  
  27  2:15  Overlord  
  27  2:16  Drone  
  27  2:22  Hatchery  
  27  2:25  Drone  
  28  2:33  Drone  
  28  2:34  Drone x2  
  30  2:39  Queen  
  32  2:45  Overlord  
  32  2:48  Drone  
  32  2:50  Metabolic Boost  
  33  2:53  Drone  
  33  2:55  Drone  
  35  3:08  Queen  
  35  3:09  Drone x2  
  35  3:10  Overlord  
  39  3:18  Drone x2  
  39  3:19  Queen  
  43  3:23  Overlord  
  43  3:30  Drone x3  
  46  3:35  Queen  
  48  3:42  Drone x2  
  48  3:48  Zergling x4  
  52  3:49  Zergling x6  
  52  3:51  Drone x2  
  57  3:56  Extractor, Drone x2  
  57  4:01  Overlord  
  59  4:03  Queen  
  59  4:07  Drone x2  
  63  4:16  Lair  
  63  4:19  Overlord  
  63  4:20  Drone x5  
  68  4:27  Drone  
  69  4:32  Spore Crawler x2  
  69  4:33  Baneling Nest  
  69  4:34  Spore Crawler  
  69  4:35  Zergling x6  
  68  4:42  Extractor  
  68  4:44  Extractor, Drone  
  68  4:45  Drone x2, Overlord  
  68  4:46  Drone x2  
  68  4:48  Drone  
  68  4:51  Drone x2  
  75  4:52  Drone  
  75  4:54  Drone  
  75  4:57  Drone x2  
  78  5:03  Overlord  
  78  5:05  Drone x2  
  78  5:06  Drone x2  
  82  5:13  Drone  
  83  5:15  Overseer, Evolution Chamber  
  83  5:16  Centrifugal Hooks  
  83  5:17  Evolution Chamber  
  81  5:26  Hatchery  
  79  5:35  Zergling x2  
  79  5:36  Zergling x18  
  79  5:40  Drone x2  
  79  5:42  Overseer  
  91  5:44  Zerg Melee Weapons Level 1  
  91  5:45  Zerg Ground Armor Level 1  
  91  5:50  Overlord  
  91  5:52  Hatchery  
  91  5:56  Overlord  
  89  5:57  Drone  
  89  5:59  Overlord  
  89  6:01  Zergling x16  
  98  6:07  Overlord x3  
  98  6:18  Overlord  
  98  6:20  Zergling x6  
  98  6:24  Hatchery  
  100  6:29  Baneling x6  
  100  6:30  Baneling x3  
  100  6:31  Zergling x14  
  107  6:33  Baneling x5  
  107  6:40  Zergling x6  
  107  6:42  Queen  
  107  6:46  Zergling x10  
  117  6:52  Baneling x2  
  117  6:54  Overlord  
  117  6:58  Queen  
  115  7:03  Overlord  
  115  7:04  Zergling x10  
  117  7:09  Zergling x8  
  117  7:13  Queen  
  117  7:15  Baneling x10  
  120  7:22  Zergling x12  
  126  7:25  Baneling x4  
  126  7:27  Queen  
  128  7:34  Zergling x2  
  127  7:39  Zergling x12  
  132  7:44  Baneling  
  132  7:45  Baneling x6  
  132  7:47  Overlord  
  132  7:50  Zergling x4  
  122  7:53  Zergling x8  
  122  7:54  Queen x3  
  124  8:03  Queen  
  124  8:05  Baneling x5  
  107  8:08  Zergling x16  
  112  8:18  Zergling x8  
  103  8:20  Baneling  
  103  8:24  Zergling x16  
  102  8:29  Queen  
  102  8:30  Queen x2  
  102  8:31  Zergling x2  
  93  8:37  Zergling x6  
  96  8:44  Zergling x8  
  88  8:52  Zergling x2  
Show
View Real Time Build Order
Export as new Build Order

Bunny Terran - Winner!

Build Orders: Reaper Expand, Hellion Banshee 

Get SALT Encoding   

  12  0:00  SCV  
  13  0:12  SCV  
  14  0:17  Supply Depot  
  14  0:25  SCV  
  15  0:38  SCV  
  15  0:40  Barracks  
  16  0:42  Refinery  
  16  0:51  SCV  
  17  1:03  SCV  
  18  1:15  SCV  
  19  1:27  Orbital Command, Reaper  
  20  1:39  Command Center  
  20  1:48  Supply Depot  
  20  1:53  SCV  
  21  1:59  Marine  
  22  2:05  SCV  
  23  2:08  Factory  
  23  2:17  SCV  
  23  2:18  Refinery  
  23  2:21  Barracks Reactor  
  24  2:29  SCV  
  25  2:41  SCV  
  26  2:52  Orbital Command  
  26  2:53  SCV, Starport  
  27  3:04  Hellion x2  
  32  3:05  SCV  
  32  3:06  Barracks Tech Lab  
  32  3:14  Supply Depot  
  32  3:17  SCV  
  32  3:19  SCV  
  34  3:25  Hellion x2  
  38  3:31  SCV x2  
  38  3:33  Barracks Tech Lab  
  40  3:35  Banshee  
  40  3:36  Cloaking Field  
  43  3:42  Supply Depot  
  43  3:45  SCV x2  
  45  3:49  Hellion  
  45  3:51  Hellion  
  49  3:58  Stimpack, Marine  
  49  4:00  SCV x2  
  52  4:12  SCV x2  
  54  4:17  Barracks  
  54  4:18  Marine  
  54  4:20  Banshee  
  58  4:24  Barracks  
  58  4:25  Factory Reactor, SCV x2  
  60  4:33  Refinery, Engineering Bay  
  60  4:37  SCV x2  
  62  4:43  Supply Depot  
  62  4:48  Supply Depot  
  62  4:52  Barracks  
  62  4:55  Barracks  
  62  5:00  Terran Infantry Weapons Level 1  
  62  5:04  Marine  
  62  5:05  SCV x2  
  65  5:10  Marine x2  
  65  5:13  Siege Tank  
  70  5:14  Starport Reactor  
  70  5:17  SCV x2, Supply Depot  
  70  5:19  Marine  
  70  5:20  Marine  
  74  5:27  Marine  
  73  5:39  Marine x4  
  73  5:40  Marine  
  73  5:41  Combat Shield  
  75  5:43  Supply Depot  
  75  5:45  Marine  
  75  5:46  Siege Tank  
  79  5:50  Supply Depot  
  79  5:53  Medivac  
  79  5:54  Refinery  
  81  5:58  Marine x4  
  81  6:02  Marine  
  86  6:04  Marine x2  
  88  6:12  Supply Depot  
  88  6:13  Medivac, Supply Depot  
  88  6:16  Marine x4  
  94  6:19  Marine  
  94  6:21  Siege Tank  
  94  6:22  Marine x2  
  100  6:29  Supply Depot  
  100  6:33  Marine  
  100  6:34  Medivac, Marine x2  
  100  6:37  Marine x2  
  107  6:40  Marine x2  
  107  6:43  Medivac  
  111  6:51  Marine x2  
  111  6:52  Marine  
  114  6:55  Marine x2  
  114  6:58  Siege Tank, Marine x2  
  119  7:02  Supply Depot  
  119  7:06  Medivac  
  120  7:09  Marine x3  
  120  7:12  Marine  
  120  7:13  Medivac  
  126  7:23  Marine x3  
  126  7:26  Supply Depot  
  126  7:27  Marine x2  
  131  7:33  Marine x2  
  128  7:41  Marine x3  
  119  7:45  Marine x2  
  119  7:51  Siege Tank  
  108  8:02  Medivac  
  108  8:03  Medivac  
  108  8:04  Marine x4  
  106  8:19  Marine  
  94  8:20  Marine x2  
  94  8:23  Siege Tank  
  82  8:27  Marine x2  
  82  8:28  Marine  
  69  8:37  Marine  
  69  8:40  Marine  
  69  8:41  Marine  
  66  8:50  Marine  
  66  8:51  Marine  

Tags
 
Add a new tag
Caveats
  • Supply blocks, unpowered buildings, or Contaminate may cause inaccurate times.
  • Supply counts are checked every 10 seconds.